 Dungeon Crawl Stone Soup version 0.21.1-1-g345015f (webtiles) character file.

154 Monsterracer the Skirmisher (level 5, -1/43 HPs)
             Began as a Human Wanderer on Feb 11, 2018.
             Slain by Grinder (6 damage)
             ... on level 3 of the Dungeon.
             The game lasted 00:03:51 (3090 turns).

Monsterracer the Skirmisher (Human Wanderer)        Turns: 3090, Time: 00:03:52

Health: -1/43      AC:  7    Str: 13    XL:     5   Next: 62%
Magic:  5/5        EV: 10    Int: 14    God:
Gold:   85         SH:  0    Dex: 11    Spells: 4/4 levels left

rFire    . . .     SeeInvis .   b - +0 shortbow
rCold    . . .     Gourm    .   (shield currently unavailable)
rNeg     . . .     Faith    .   e - +0 ring mail
rPois    .         Spirit   .   (no helmet)
rElec    .         Reflect  .   (no cloak)
rCorr    .         Harm     .   (no gloves)
MR       .....                  j - +1 pair of boots
Stlth    +.........             (no amulet)
HPRegen  0.14/turn              (no ring)
MPRegen  0.09/turn              (no ring)

@: no status effects
A: no striking features
a: no special abilities


You were on level 3 of the Dungeon.
You were hungry.

You visited 1 branch of the dungeon, and saw 3 of its levels.

You collected 85 gold pieces.

Inventory:

Hand Weapons
 b - a +0 shortbow (weapon)
Missiles
 d - 49 arrows (quivered)
Armour
 e - a +0 ring mail (worn)
 j - a +1 pair of boots (worn)
Scrolls
 g - a scroll of amnesia {unknown}
 i - 3 scrolls of teleportation {unknown}
 k - 2 scrolls of remove curse {unknown}
 l - 3 scrolls of immolation {unknown}
 n - 6 scrolls of identify {unknown}
 o - a scroll of fog {unknown}
 q - a scroll of enchant weapon {unknown}
Potions
 f - a potion of heal wounds
 h - 2 potions of haste {unknown}
 m - 2 potions of flight {unknown}
Comestibles
 c - 5 rations


   Skills:
 + Level 4.4 Fighting
 - Level 3.0 Bows
 - Level 1.0 Throwing
 - Level 1.0 Armour
 - Level 1.0 Stealth
 * Level 4.4 Unarmed Combat


You had 4 spell levels left.
You didn't know any spells.

Dungeon Overview and Level Annotations

Branches:
Dungeon (3/15)

Altars:
Trog
Uskayaw
Wu Jian

Annotations:
D:3 Grinder


Message History

You writhe in agony.
You take 2 damage, and have 28/43 hp.
Firing (i - inventory):
d - 58 arrows (quivered)
Press: ? - help, Shift-Dir - straight line, f/p - Grinder
Aim: Grinder (lightly wounded)
You shoot an arrow. The arrow barely misses Grinder.
Grinder hits you!
* * * LOW HITPOINT WARNING * * *
You take 7 damage, and have 21/43 hp.
You are now empty-handed.
You hit Grinder but do no damage.
Grinder is lightly wounded.
Grinder hits you.
* * * LOW HITPOINT WARNING * * *
You take 2 damage, and have 19/43 hp.
b - a +0 shortbow (weapon)
Grinder hits you but does no damage.
Firing (i - inventory):
d - 57 arrows (quivered)
Press: ? - help, Shift-Dir - straight line, f/p - Grinder
Aim: Grinder (lightly wounded)
You shoot an arrow. The arrow hits Grinder.
Grinder is lightly wounded.
Grinder hits you!
* * * LOW HITPOINT WARNING * * *
You writhe in agony.
* * * LOW HITPOINT WARNING * * *
You take 14 damage, and have 5/43 hp.
MASSIVE DAMAGE!!
Firing (i - inventory):
d - 56 arrows (quivered)
Press: ? - help, Shift-Dir - straight line, f/p - Grinder
Aim: Grinder (lightly wounded)
You shoot an arrow. The arrow completely misses Grinder.
Grinder gestures at you. You resist with significant effort.
It was a potion of ambrosia.
You are confused.
You feel invigorated. Grinder hits you.
* * * LOW HITPOINT WARNING * * *
You writhe in agony.
* * * LOW HITPOINT WARNING * * *
You take 4 damage, and have 1/43 hp.
Unknown command.
You regained 6 hp, and now have 7/43 hp.
You clumsily bash Grinder but do no damage.
Grinder is lightly wounded.
You feel less invigorated.
You feel less confused. Grinder hits you but does no damage. Grinder hits you.
* * * LOW HITPOINT WARNING * * *
You writhe in agony.
* * * LOW HITPOINT WARNING * * *
You regained 6 hp, and now have 13/43 hp.
Really attack while wielding your +0 shortbow?
Okay, then.
Firing (i - inventory):
d - 55 arrows (quivered)
Press: ? - help, Shift-Dir - straight line, f/p - Grinder
Aim: Grinder (lightly wounded)
You shoot an arrow. The arrow barely misses Grinder.
Grinder gestures at you.
You barely resist.
Firing (i - inventory):
d - 54 arrows (quivered)
Press: ? - help, Shift-Dir - straight line, f/p - Grinder
Aim: Grinder (lightly wounded)
You shoot an arrow.
The arrow hits Grinder but does no damage.
Grinder is lightly wounded.
Grinder misses you.
Firing (i - inventory):
d - 53 arrows (quivered)
Press: ? - help, Shift-Dir - straight line, f/p - Grinder
Aim: Grinder (lightly wounded)
You shoot an arrow.
The arrow hits Grinder but does no damage.
Grinder is lightly wounded.
Grinder closely misses you.
Firing (i - inventory):
d - 52 arrows (quivered)
Press: ? - help, Shift-Dir - straight line, f/p - Grinder
Aim: Grinder (lightly wounded)
You shoot an arrow.
The arrow hits Grinder but does no damage.
Grinder is lightly wounded.
Grinder hits you.
* * * LOW HITPOINT WARNING * * *
You writhe in agony.
* * * LOW HITPOINT WARNING * * *
You take 3 damage, and have 10/43 hp.
Firing (i - inventory):
d - 51 arrows (quivered)
Press: ? - help, Shift-Dir - straight line, f/p - Grinder
Aim: Grinder (lightly wounded)
You shoot an arrow. The arrow hits Grinder.
Grinder is moderately wounded.
Grinder hits you.
* * * LOW HITPOINT WARNING * * *
You take 1 damage, and have 9/43 hp.
Firing (i - inventory):
d - 50 arrows (quivered)
Press: ? - help, Shift-Dir - straight line, f/p - Grinder
Aim: Grinder (moderately wounded)
You shoot an arrow. The arrow hits Grinder!
Grinder is heavily wounded.
Grinder hits you.
* * * LOW HITPOINT WARNING * * *
You writhe in agony.
You die...

.# .# .# (# (# .#
##########(#
#########.......@5(#
.>........##########
###########


You could see Grinder.

Vanquished Creatures
  Jessica (D:2)
  4 gnolls (D:3)
  2 adders (D:2)
  An adder zombie (D:3)
  4 worms (D:2)
  A dart slug (D:1)
  A ball python (D:3)
  3 giant cockroaches
  5 goblins
  5 hobgoblins
  5 jackals
  5 bats
  6 frilled lizards
  7 kobolds
  8 rats
58 creatures vanquished.

Notes
Turn   | Place    | Note
-------+----------+-------------------------------------------
     0 | D:1      | Monsterracer the Human Wanderer began the quest for the Orb.
     0 | D:1      | Monsterracer set off with: a +2 dagger, a potion of heal wounds, a ration, 24 arrows, a +0 ring mail, a +0 shortbow
     0 | D:1      | Reached XP level 1. HP: 19/19 MP: 1/1
   105 | D:1      | Reached skill level 1 in Unarmed Combat
   247 | D:1      | Reached XP level 2. HP: 25/25 MP: 2/2
   957 | D:2      | HP: 10/25 [worm (3)]
   959 | D:2      | Reached XP level 3. HP: 7/30 MP: 3/3
   962 | D:2      | HP: 5/30 [giant cockroach (2)]
  1292 | D:2      | Noticed a dagger
  1294 | D:2      | Found a hide-covered altar of Uskayaw.
  1294 | D:2      | Noticed a dagger
  1364 | D:2      | Noticed a moth of wrath
  1368 | D:2      | Found a bloodstained altar of Trog.
  1400 | D:2      | HP: 13/30 [worm (6)]
  1403 | D:2      | HP: 3/30 [worm (9)]
  1414 | D:2      | HP: 1/30 [kobold (3)]
  1790 | D:2      | Reached XP level 4. HP: 37/37 MP: 4/4
  2086 | D:2      | Noticed Jessica
  2092 | D:2      | Killed Jessica
  2461 | D:3      | Reached XP level 5. HP: 38/42 MP: 5/5
  2469 | D:3      | HP: 21/42 [gnoll/spear (4)]
  2476 | D:3      | HP: 16/42 [gnoll/spear (3)]
  2770 | D:3      | Found an ornate altar of the Wu Jian Council.
  3070 | D:3      | Noticed Grinder
  3076 | D:3      | HP: 21/43 [Grinder (7)]
  3080 | D:3      | HP: 5/43 [Grinder (6)]
  3082 | D:3      | HP: 1/43 [Grinder (6)]
  3088 | D:3      | HP: 11/43 [Grinder (2)]
  3090 | D:3      | HP: 5/43 [Grinder (4)]
  3090 | D:3      | Slain by Grinder

Skill      XL: |  1  2  3  4 |
---------------+-------------+-----
Unarmed Combat | 1 2 3 4 |  4.4
Fighting       | |  4.4
Bows           | |  3.0
Throwing       | |  1.0
Armour         | |  1.0
Stealth        | |  1.0

Action                   |  1- 3 |  4- 6 || total
-------------------------+-------+-------++-------
Melee: Unarmed           |    47 |    72 ||   119
       Dagger            |     9 |       ||     9
       Punch             |       |     1 ||     1
       Shortbow          |       |     1 ||     1
 Fire: Shortbow          |    59 |    55 ||   114
  Use: Potion            |       |     1 ||     1
  Eat: Chunk             |     2 |     4 ||     6
Armor: Ring mail         |    38 |    43 ||    81
Dodge: Dodged            |    48 |    68 ||   116

Vault maps used:
D:1:      eino_arrival_cavern_c
D:2:      dancing_weapons_uskayaw, tgw_trog, minivault_25, uniq_jessica
D:3:      minmay_wonky_spiral, cheibrodos_ashenzari_chains, lemuel_round_altar,
          uniq_grinder
